 Dungeon Crawl Stone Soup version 0.31-a0-325-g067879e3d3 (webtiles) character file.

Game seed: 6589699694074635686

25784 AlexRAT the Cleaver (level 12, -4/172 HPs)
             Began as a Minotaur Berserker on July 18, 2023.
             Was a High Priest of Trog.
             Slain by a skyshark (11 damage)
             ... on level 2 of the Lair of Beasts.
             The game lasted 00:25:15 (11930 turns).

AlexRAT the Cleaver (Minotaur Berserker)           Turns: 11930, Time: 00:25:19

Health: -4/172     AC:  9    Str: 25    XL:     12   Next: 92%
Magic:  11/11      EV: 16    Int:  4    God:    Trog [*****.]
Gold:   1137       SH: 17    Dex: 18    Spells: 11/11 levels left

rFire   + . .        H - +5 morningstar
rCold   + . .        s - +0 tower shield
rNeg    + . .        m - +0 troll leather armour {Pargi}
rPois   .            (helmet restricted)
rElec   .            J - +2 cloak "Moepoyne" {rF+ rN+ Stlth+}
rCorr   .            (no gloves)
SInv    .            (no boots)
Will    .....        b - amulet of reflection Stlth
                     k - +6 ring of dexterity
HPRegen 1.28/turn    A - ring of protection from cold
MPRegen 0.12/turn

%: reflection
@: berserking, very quick
A: horns 2, retaliatory headbutt
a: Renounce Religion, Berserk, Trog's Hand, Brothers in Arms


You were on level 2 of the Lair of Beasts.
You worshipped Trog.
Trog was extremely pleased with you.
You visited 3 branches of the dungeon, and saw 17 of its levels.
You also visited: Sewer.

You collected 1137 gold pieces.

Inventory:

Hand Weapons
 a - a +0 hand axe
 H - a +5 morningstar (weapon)
Missiles
 d - 2 throwing nets
 y - 6 boomerangs
 N - 12 javelins (quivered)
Armour
 m - a +0 troll leather armour (worn) {Pargi}
 s - a +0 tower shield (worn)
 J - the +2 cloak "Moepoyne" (worn) {rF+ rN+ Stlth+}
   (You found it on level 9 of the Dungeon)

   rF:        It protects you from fire.
   rN:        It protects you from negative energy.
   Stlth:     It makes you more stealthy.
Jewellery
 b - an amulet of reflection (around neck)
 k - a +6 ring of dexterity (left hand)
 A - a ring of protection from cold (right hand)
 C - a +6 ring of strength
 O - a ring of ice
Wands
 r - a wand of flame (53)
 u - a wand of paralysis (16)
 z - a wand of mindburst (7)
 E - a wand of acid (5)
 M - a wand of iceblast (2)
 Q - a wand of polymorph (3)
Scrolls
 e - 4 scrolls of blinking
 f - a scroll of identify
 i - a scroll of immolation
 p - 7 scrolls of teleportation
 t - a scroll of fear
 w - 3 scrolls of revelation
 F - 4 scrolls of fog
 L - 2 scrolls of enchant weapon
Potions
 c - a potion of might
 g - 2 potions of heal wounds
 h - a potion of invisibility
 j - 5 potions of enlightenment
 n - a potion of berserk rage
 o - a potion of brilliance
 q - 5 potions of curing
 v - 2 potions of mutation {unknown}
 x - 4 potions of lignification
 B - a potion of ambrosia {unknown}
 D - 3 potions of haste {unknown}
 S - a potion of resistance {unknown}
Miscellaneous
 I - a phantom mirror


   Skills:
 + Level 13.0 Fighting
 + Level 13.0 Axes
 - Level 7.0 Throwing
 + Level 12.7 Armour
 + Level 11.7 Dodging


You had 11 spell levels left.
You didn't know any spells.
Your spell library was empty.

Dungeon Overview and Level Annotations

Branches:
Dungeon (13/15)            Temple (0/1) D:5            Lair (2/5) D:11
    Orc (2/2) D:11          Sewer (visited)
  Swamp: Lair:2-3    Shoals: Lair:2-3     Snake: Lair:2-3    Spider: Lair:2-3
    Elf: Orc:2       Vaults: D:13-14

Altars:
Dithmenos
Elyvilon
Gozag
Hepliaklqana
Ru
Yredelemnul
The Shining One

Shops:
Orc:1 (!?

Annotations:
D:10 2 transporters, Tinttamiau's ghost, novice DgSu
Orc:2 Azrael


Innate Abilities, Weirdness & Mutations

You have a pair of horns on your head.
You reflexively headbutt those who attack you in melee.


Message History

You block the skyshark's attack. The skyshark tail-slaps you!
You hit the skyshark but do no damage.
The skyshark is moderately wounded.
The skyshark misses you. You block the skyshark's attack. x2
The skyshark bites you but does no damage.
You block the skyshark's attack. The skyshark tail-slaps you.
You closely miss the skyshark.
You headbutt the skyshark, but do no damage.
The skyshark is moderately wounded.
The skyshark misses you. You furiously retaliate!
You headbutt the skyshark. You block the skyshark's attack. x3
The skyshark tail-slaps you but does no damage.
You block the skyshark's attack.
You closely miss the skyshark. Your headbutt misses the skyshark.
The skyshark is moderately wounded.
The skyshark bites you! The skyshark tail-slaps you!
You block the skyshark's attack. x2
The skyshark tail-slaps you but does no damage.
You block the skyshark's attack.
You barely miss the skyshark. You headbutt the skyshark.
The skyshark is heavily wounded.
The skyshark completely misses you. The skyshark tail-slaps you.
You block the skyshark's attack. x3; The skyshark tail-slaps you.
You barely miss the skyshark.
You headbutt the skyshark, but do no damage.
The skyshark is moderately wounded.
The skyshark bites you but does no damage.
You block the skyshark's attack. The skyshark tail-slaps you.
The skyshark bites you!
* * * LOW HITPOINT WARNING * * *
The skyshark tail-slaps you.
* * * LOW HITPOINT WARNING * * *
You block the skyshark's attack.
A red film seems to cover your vision as you go berserk!
You feel yourself moving faster!
You feel mighty! The skyshark bites you!!
* * * LOW HITPOINT WARNING * * *
You block the skyshark's attack. x2; The skyshark misses you.
You furiously retaliate!
You headbutt the skyshark! The skyshark tail-slaps you!
You die...

#####...... ##.8.##.....
+ #.....#..... #.
#8.>.8#..... #..
#........... .P+
##....##.#+##
#.#####.###..#.###.#
##..l...##.....#†....
.##...@#....#...#.#....
#.........#.....#......
P..#...8...+.#.8.#.....8
#............#..........
+......###.#.......#.#..
....#.......#.....#.#...
#....#..###.##.+###...##
....(.. ###....#.##.##
..... #......#...#


You could see a skyshark (berserk).

Vanquished Creatures
  Fannar (Orc:1)
  3 boulder beetles
  3 two-headed ogres
  Urug (D:12)
  A deep elf pyromancer (D:12)
  2 ugly things
  3 cyclopes
  Maurice (D:9)
  6 elephants
  3 gargoyles
  4 cane toads (Lair:1)
  A rime drake (Lair:2)
  3 komodo dragons (Lair:1)
  5 trolls
  2 hornets
  Prince Ribbit (D:8)
  2 shadows (D:11)
  A wyvern (Lair:1)
  Sigmund (D:6)
  2 wraiths (D:12)
  20 yaks
  A basilisk (D:11)
  2 steam dragons (D:8)
  2 vampire mosquitoes (D:12)
  A warg (Orc:1)
  A hell hound (Orc:1)
  4 water moccasins
  Pargi (Sewer)
  16 orc warriors
  3 sky beasts
  2 black bears
  6 wolves (Lair:1)
  5 centaurs
  2 ogres
  3 phantoms
  A kobold brigand (D:8)
  3 bullfrogs
  2 gnoll sergeants (D:9)
  4 scorpions
  5 wights (D:8)
  11 killer bees
  4 howler monkeys
  A crimson imp (D:3)
  4 hounds
  A jelly (D:6)
  Crazy Yiuf (D:7)
  17 orc priests
  A gnoll bouda (D:6)
  5 iguanas
  2 sleepcaps
  Ijyb (D:4)
  20 orc wizards
  17 gnolls
  4 adders
  A shadow imp (D:6)
  An ufetubus (D:6)
  2 dart slugs
  84 orcs
  10 endoplasms
  9 giant cockroaches
  11 goblins
  4 hobgoblins
  3 jackals (D:4)
  8 kobolds
  2 quokkas
  4 ball pythons
  7 bats
  A goblin skeleton (D:3)
  A hobgoblin zombie (D:3)
  3 kobold skeletons (D:3)
  A kobold zombie (D:3)
  2 orc skeletons (D:3)
  3 orc zombies (D:3)
  9 rats
385 creatures vanquished.

Vanquished Creatures (others)
  An orc (D:8)
1 creature vanquished.

Grand Total: 386 creatures vanquished

Notes
Turn   | Place    | Note
-------+----------+-------------------------------------------
     0 | D:1      | AlexRAT the Minotaur Berserker began the quest for the Orb.
     0 | D:1      | Reached XP level 1. HP: 19/19 MP: 0/0
   128 | D:1      | Reached XP level 2. HP: 27/27 MP: 1/1
   376 | D:1      | Found a faded altar of an unknown god.
   568 | D:2      | Reached ** piety under Trog
   569 | D:2      | Reached XP level 3. HP: 33/33 MP: 2/2
   614 | D:2      | Reached XP level 4. HP: 13/41 MP: 3/3
   883 | D:2      | Found a white marble altar of Elyvilon.
  1620 | D:3      | Found a glowing golden altar of the Shining One.
  1630 | D:3      | Reached XP level 5. HP: 47/47 MP: 4/4
  1798 | D:3      | Found an opulent altar of Gozag.
  1816 | D:3      | Reached *** piety under Trog
  1857 | D:3      | Found a glowing drain.
  1862 | Sewer    | Entered a sewer
  1882 | Sewer    | Noticed Pargi
  1890 | Sewer    | Killed Pargi
  1891 | Sewer    | Reached skill level 5 in Fighting
  1891 | Sewer    | Reached skill level 5 in Axes
  2517 | D:4      | Reached XP level 6. HP: 52/56 MP: 5/5
  2639 | D:4      | Found a hazy altar of Hepliaklqana.
  2935 | D:4      | Noticed Ijyb
  2951 | D:4      | Paralysed by Ijyb for 5 turns
  2957 | D:4      | Killed Ijyb
  2958 | D:4      | Reached skill level 1 in Throwing
  3230 | D:4      | Reached XP level 7. HP: 59/62 MP: 6/6
  3369 | D:4      | Reached skill level 5 in Armour
  3414 | D:5      | Entered Level 5 of the Dungeon
  3423 | D:5      | Reached **** piety under Trog
  3488 | D:5      | Found a shadowy altar of Dithmenos.
  3694 | D:5      | Found a staircase to the Ecumenical Temple.
  3742 | D:5      | Found a basalt altar of Yredelemnul.
  3977 | D:6      | Reached skill level 5 in Dodging
  4019 | D:6      | Reached XP level 8. HP: 71/71 MP: 7/7
  4109 | D:6      | Noticed Sigmund
  4129 | D:6      | Killed Sigmund
  4847 | D:7      | Found a runed translucent door.
  4953 | D:7      | Reached XP level 9. HP: 79/79 MP: 8/8
  5149 | D:7      | Found a runed translucent door.
  5150 | D:7      | Noticed Crazy Yiuf
  5365 | D:7      | Killed Crazy Yiuf
  5487 | D:8      | Noticed Prince Ribbit
  5503 | D:8      | Killed Prince Ribbit
  5845 | D:8      | Reached skill level 5 in Throwing
  6238 | D:8      | Found a white marble altar of Elyvilon.
  6454 | D:9      | Reached XP level 10. HP: 81/90 MP: 9/9
  6538 | D:9      | Identified the +2 cloak "Moepoyne" {rF+ rN+ Stlth+}
  6716 | D:9      | Found a sacrificial altar of Ru.
  6734 | D:9      | Reached ***** piety under Trog
  6938 | D:9      | Noticed Maurice
  6957 | D:9      | Paralysed by something for 3 turns
  6965 | D:9      | Paralysed by something for 4 turns
  6970 | D:9      | Paralysed by Maurice for 3 turns
  6983 | D:9      | Killed Maurice
  7487 | D:10     | Entered Level 10 of the Dungeon
  7503 | D:10     | Noticed a gargoyle
  7510 | D:10     | Killed a gargoyle
  7745 | D:10     | Noticed a moth of wrath
  7746 | D:10     | Noticed Tinttamiau's ghost (novice DgSu)
  7761 | D:10     | Found a transporter.
  7776 | D:10     | Found a transporter.
  8063 | D:10     | Reached skill level 10 in Axes
  8075 | D:10     | Reached skill level 10 in Fighting
  8239 | D:11     | Reached XP level 11. HP: 85/99 MP: 10/10
  8478 | D:11     | Found a staircase to the Lair.
  8479 | D:11     | Noticed a red ugly thing
  8562 | D:11     | Found a staircase to the Orcish Mines.
  8571 | D:11     | Reached skill level 10 in Armour
  8849 | D:11     | Noticed a boulder beetle
  8899 | D:11     | Killed a red ugly thing
  8941 | D:11     | Noticed a two-headed ogre
  8950 | D:11     | Killed a two-headed ogre
  8956 | D:11     | Killed a boulder beetle
  9315 | Orc:1    | Entered Level 1 of the Orcish Mines
  9477 | Orc:1    | Noticed Fannar
  9497 | Orc:1    | Killed Fannar
  9540 | Orc:1    | Reached skill level 10 in Dodging
  9573 | Orc:1    | Noticed a two-headed ogre
  9588 | Orc:1    | Killed a two-headed ogre
  9643 | Orc:1    | Found Kuabrumo's Magic Scroll Shop.
  9727 | Orc:1    | Found Fulo's Distillery.
  9859 | Orc:1    | Found Fotec's Weapon Shoppe.
  9992 | Orc:2    | Entered Level 2 of the Orcish Mines
  9992 | Orc:2    | Noticed an orc knight
  9994 | Orc:2    | Noticed an orc knight
 10017 | Orc:2    | Noticed Azrael
 10073 | D:12     | Noticed a two-headed ogre
 10079 | D:12     | Killed a two-headed ogre
 10106 | D:12     | Noticed a boulder beetle
 10149 | D:12     | Killed a boulder beetle
 10150 | D:12     | Reached XP level 12. HP: 81/111 MP: 11/11
 10476 | D:12     | Noticed Urug
 10489 | D:12     | Killed Urug
 10592 | D:12     | Noticed a boulder beetle
 10642 | D:12     | Received a gift from Trog
 10654 | D:12     | Killed a boulder beetle
 11102 | Lair:1   | Entered Level 1 of the Lair of Beasts
 11186 | Lair:1   | Noticed an eight-headed hydra
 11930 | Lair:2   | HP: 7/172 [skyshark (19)]
 11930 | Lair:2   | Slain by a skyshark

Illustrated notes

Levels and vault maps discovered:
D:1:      dpeg_arrival_arbitrary_b, layout_rooms,
          shapermc_ecumenical_altar_mp_highgroup
D:2:      layout_basic, basic_altar
D:3:      layout_basic, lemuel_tele_altar, nicolae_tso_besieged_by_evil,
          portal_sewer_entry_e
D:4:      kennysheep_goblin_castle, layout_basic, nzn_hepliaklqana_mist_gate
D:5:      layout_basic, lemuel_coloured_pillars_altar, kennysheep_mini_moat,
          temple_fountains
D:6:      layout_cave_pools, hangedman_abyss_or_decor_stabs, uniq_sigmund
D:7:      layout_loops_ring, lightli_church_of_beogh, uniq_crazy_yiuf_cottage
D:8:      minmay_razor_zed, layout_basic, mainiacjoe_overflow_alcove_1,
          chequers_serial_rivers_micro_e, uniq_prince_ribbit1
D:9:      layout_loops_ring, nicolae_ru_sacrificial_ziggurat, uniq_maurice
D:10:     layout_long_grid, gammafunk_ghost_berserking_beasts, minmay_orc_keep
D:11:     layout_gridville, david_lair_generic, orc_0_dummy
D:12:     layout_irregular_city, uniq_urug
D:13:     layout_rooms
Lair:1:   layout_chaotic_city, minmay_stone_trees_small
Lair:2:   layout_roguey [special_room_bee], elwin_shoals_entry_rocks,
          nicolae_snake_entry_warm_welcome, roderic_batcave, fungi_pond_lemuel,
          grunt_megastairs_1
Orc:1:    layout_caves, serial_shops, nicolae_shop_tiny_glass,
          nicolae_shop_real_fake_doors, shop_scrolls, uniq_fannar
Orc:2:    st_orc_mages, layout_caves, abandoned_shop, uniq_jorgrun,
          uniq_erolcha, uniq_azrael

Skill      XL: |  1  2  3  4  5  6  7  8  9 10 11 12 |
---------------+-------------------------------------+-----
Fighting       | 4 5 6 7 8 10 11 13 | 13.0
Axes           | 4 5 6 7 8 10 11 13 | 13.0
Armour         | 3 4 5 6 8 9 11 12 | 12.7
Dodging        | 3 4 5 6 7 8 10 11 | 11.7
Throwing       | 1 2 4 5 6 7 |  7.0

Action                     |  1- 3 |  4- 6 |  7- 9 | 10-12 || total
---------------------------+-------+-------+-------+-------++-------
  Melee: Hand axe          |    52 |   153 |   242 |       ||   447
         Headbutt          |     5 |    23 |    60 |   157 ||   245
         Punch             |       |     1 |       |       ||     1
         Morningstar       |       |       |    28 |   589 ||   617
  Throw: Boomerang         |       |       |     3 |     7 ||    10
 Invoke: Berserk           |     1 |     1 |     6 |    12 ||    20
         Trog's Hand       |       |       |       |     3 ||     3
    Use: Potion            |     2 |       |       |     1 ||     3
         Scroll            |       |     2 |       |    14 ||    16
   Stab: Sleeping          |       |       |     1 |     4 ||     5
 Armour: Animal skin       |     3 |       |       |       ||     3
         Scale mail        |    10 |    17 |       |       ||    27
         Troll leather arm |       |    21 |    59 |   189 ||   269
  Dodge: Dodged            |    32 |    89 |   126 |   344 ||   591
  Block: Tower shield      |       |    43 |   180 |   664 ||   887
         Reflection        |       |       |       |     9 ||     9

Table legend: (Time is in decaauts)
 A = Elapsed time spent in this place.
 B = Non-inter-level travel time spent in this place.
 C = Inter-level travel time spent in this place.
 D = Time resting spent in this place.
 E = Time spent auto-exploring this place.
 F = Levels seen in this place.
 G = Mean time per level.
                   A        B        C        D        E       F      G
               +--------+--------+--------+--------+--------+-----+--------+
         Total |  12459 |  11817 |    642 |    335 |   8176 |  18 |  692.2 |
       Dungeon |  10714 |  10203 |    511 |    253 |   7232 |  13 |  824.2 |
          Lair |    880 |    831 |     49 |     23 |    486 |   2 |  440.0 |
  Orcish Mines |    777 |    696 |     81 |     58 |    438 |   2 |  388.5 |
         Sewer |     87 |     87 |      0 |      0 |     20 |   1 |   87.0 |
               +--------+--------+--------+--------+--------+-----+--------+

Top non-repeatable levels by time:
    D:11: 1198 daAuts
     D:7: 1131 daAuts
     D:2: 1050 daAuts
    D:12: 1039 daAuts
     D:8: 1021 daAuts
     D:4: 973 daAuts
     D:9: 854 daAuts
     D:3: 832 daAuts
    D:10: 798 daAuts
   Orc:1: 770 daAuts
     D:6: 737 daAuts
  Lair:1: 726 daAuts
     D:5: 531 daAuts
     D:1: 519 daAuts
  Lair:2: 154 daAuts
